 Dungeon Crawl Stone Soup version 0.28-a0-529-g3bad584f25 (webtiles) character file.

Game seed: 2699442169235010041

1160 runemasterragnar the Magician (level 8, -1/58 HPs)
             Began as a Djinni Conjurer on Sept 25, 2021.
             Slain by an ice beast (10 damage)
             ... on level 5 of the Dungeon.
             The game lasted 00:12:51 (6572 turns).

runemasterragnar the Magician (Djinni Conjurer)     Turns: 6572, Time: 00:12:52

Health: -1/58      AC:  5    Str:  8    XL:     8   Next: 66%
Gold:   117        EV: 13    Int: 20    God:
                   SH:  0    Dex: 12

rFire   + + .      SeeInvis .   b - +4 quarterstaff (chaos)
rCold   x . .      Faith    .   (shield currently unavailable)
rNeg    . . .      Spirit   .   e - +1 leather armour
rPois   ∞          Reflect  .   (no helmet)
rElec   .          Harm     .   d - +0 cloak
rCorr   .          Rampage  .   (no gloves)
Will    .....                   (boots unavailable)
Stlth   +.........              g - amulet of the acrobat
HPRegen 0.19/turn               (no ring)
MPRegen 0.00/turn               (no ring)

@: flying
A: sickness immunity, fire resistance 2, cold vulnerability 1, float, innate
caster, hp casting, extra vitality 1
a: no special abilities


You were on level 5 of the Dungeon.
You visited 1 branch of the dungeon, and saw 5 of its levels.

You collected 117 gold pieces.

Inventory:

Hand Weapons
 b - a +4 quarterstaff of chaos (weapon)
 m - a +1 mace of protection
Missiles
 f - a throwing net
Armour
 d - a +0 cloak (worn)
 e - a +1 leather armour (worn)
 p - a +0 tower shield
Jewellery
 g - an amulet of the acrobat (around neck)
Wands
 i - a wand of flame (11)
 j - a wand of charming (4)
 k - a wand of polymorph (3)
Scrolls
 n - a scroll of blinking {unknown}
 q - a scroll of fog {unknown}
Potions
 a - a potion of curing
 c - a potion of haste
 h - a potion of flight
 l - a potion of cancellation
 o - a potion of lignification {unknown}


   Skills:
 + Level 4.2 Fighting
 + Level 5.2 Dodging
 - Level 1.5 Stealth
 + Level 0.5 Shields
 * Level 5.9 Spellcasting
 + Level 3.3 Evocations


You couldn't memorise any spells.
You knew the following spells:

 Your Spells              Type           Power      Damage    Failure   Level
a - Magic Dart            Conj           100%       1d8       1%          1
b - Searing Ray           Conj           58%        2d6       1%          2
c - Dazzling Flash        Conj/Hex       58%        N/A       4%          3
d - Fulminant Prism       Conj/Hex       14%        3d9       14%         4
e - Iskenderun's Mystic   Conj/Tloc      29%        2d7       14%         4
f - Freeze                Ice            100%       1d11      1%          1
g - Scorch                Fire           58%        2d7       1%          2
h - Inner Flame           Hex/Fire       29%        N/A       4%          3
Your spell library was empty.

Dungeon Overview and Level Annotations

Branches:
Dungeon (5/15)
 Temple: D:4-7

Altars:
Beogh

Annotations:
D:1 Terence


Innate Abilities, Weirdness & Mutations

You are immune to sickness and miasma.
You are immune to poison.
Your flesh is very heat resistant. (rF++)
You are vulnerable to cold. (rC-)
You float through the air rather than walking.
You learn spells naturally, not from books.
Your magical power is your life essence.
You have superior vitality. (+4 HP)


Message History

Okay, then.
What are your orders? t - Shout!
Orders for allies: a - Attack new target. p - Attack previous target. r - Retreat! s - Stop attacking. g - Guard the area. f - Follow me.
Anything else - Cancel.
Okay, then.
Casting: Magic Dart (safe; 1% risk of failure)
Confirm with . or Enter, or press ? or * to list all spells.
Okay, then.
Casting: Magic Dart (safe; 1% risk of failure)
Confirm with . or Enter, or press ? or * to list all spells.
Aiming: Freeze (safe; 1% risk of failure)
Press: ? - help, Shift-Dir - straight line, f/p - ice beast
Aim: an ice beast (moderately wounded)
Okay, then.
Casting: Freeze (safe; 1% risk of failure)
Confirm with . or Enter, or press ? or * to list all spells.
Flames lash the ice beast.
The ice beast melts!
The ice beast is heavily wounded.
The ice beast's fire resistance burns away.
* * * LOW HITPOINT WARNING * * *
The ice beast hits you but does no damage.
Casting: Scorch (safe; 1% risk of failure)
Confirm with . or Enter, or press ? or * to list all spells.
Flames lash the ice beast.
The ice beast melts!
The ice beast is severely wounded.
* * * LOW HITPOINT WARNING * * *
The ice beast hits you but does no damage.
Unknown command.
Casting: Scorch (safe; 1% risk of failure)
Confirm with . or Enter, or press ? or * to list all spells.
Flames lash the ice beast.
The ice beast melts!
The ice beast is almost dead.
* * * LOW HITPOINT WARNING * * *
The ice beast hits you.
* * * LOW HITPOINT WARNING * * *
The ice beast freezes you!
You feel a terrible chill!
You die...

.....# .. ..
#.....##.# #.#
.........# #.#
#.......####.#
...........#.#
#.......##.#.#
.............#
##....Y......#####
######@.........#
#.<...####.#
#.....# ####.##
#.# #.. ####


You could see an ice beast (combustible).

Vanquished Creatures
  Sigmund (D:3)
  Edmund (D:4)
  An orc warrior (D:4)
  A sky beast (D:4)
  2 ogres
  Blork the orc (D:4)
  A scorpion (D:4)
  An orc priest (D:3)
  A hound (D:4)
  Crazy Yiuf (D:3)
  Natasha (thrice) (D:2)
  Ijyb (D:3)
  2 orc wizards
  3 adders
  4 gnolls (D:4)
  An adder skeleton (D:4)
  4 worms
  17 orcs
  8 bats
  6 endoplasms
  3 giant cockroaches
  11 goblins
  A hobgoblin (D:1)
  7 quokkas
  12 ball pythons
  2 frilled lizards
  A kobold (D:1)
  8 rats
105 creatures vanquished.

Vanquished Creatures (others)
  3 fulminant prisms (D:4)
3 creatures vanquished.

Grand Total: 108 creatures vanquished

Notes
Turn   | Place    | Note
-------+----------+-------------------------------------------
     0 | D:1      | runemasterragnar the Djinni Conjurer began the quest for
                  | the Orb.
     0 | D:1      | Reached XP level 1. HP: 15/15 MP: 0/0
   167 | D:1      | Reached XP level 2. HP: 12/22 MP: 0/0
   980 | D:1      | Reached XP level 3. HP: 24/26 MP: 0/0
   980 | D:1      | Learned a level 1 spell: Freeze
  1008 | D:1      | Reached skill level 1 in Fighting
  1589 | D:2      | Noticed Terence
  1942 | D:2      | Reached XP level 4. HP: 13/32 MP: 0/0
  2577 | D:2      | Noticed Natasha
  2586 | D:2      | Killed Natasha
  3009 | D:2      | Reached XP level 5. HP: 25/38 MP: 0/0
  3009 | D:2      | Learned a level 2 spell: Scorch
  3190 | D:2      | Noticed Natasha
  3192 | D:2      | Killed Natasha
  3280 | D:2      | Found a faded altar of an unknown god.
  3372 | D:2      | Noticed Natasha
  3378 | D:2      | Killed Natasha
  3495 | D:3      | Noticed Ijyb
  3505 | D:3      | Killed Ijyb
  3720 | D:3      | Noticed Sigmund
  3728 | D:3      | Reached XP level 6. HP: 35/44 MP: 0/0
  3767 | D:3      | Killed Sigmund
  3768 | D:3      | Reached skill level 1 in Evocations
  4428 | D:3      | Reached XP level 7. HP: 45/49 MP: 0/0
  4428 | D:3      | Learned a level 3 spell: Inner Flame
  4945 | D:3      | Found a runed translucent door.
  4946 | D:3      | Noticed Crazy Yiuf
  4953 | D:3      | Killed Crazy Yiuf
  5088 | D:4      | Reached skill level 5 in Spellcasting
  5263 | D:4      | Noticed Blork the orc
  5276 | D:4      | Killed Blork the orc
  5460 | D:4      | Noticed Edmund
  5524 | D:4      | Killed Edmund
  5525 | D:4      | Reached XP level 8. HP: 34/57 MP: 0/0
  5952 | D:4      | Reached skill level 5 in Dodging
  6512 | D:5      | Entered Level 5 of the Dungeon
  6572 | D:5      | Slain by an ice beast

Illustrated notes

Levels and vault maps discovered:
D:1:      dpeg_arrival_subterranean_lakeside_camping, layout_basic
D:2:      layout_basic, hellmonk_ecumenical_altar_defaced_shrine,
          minmay_misc_feat_secret_circle, minmay_ruptured, uniq_natasha,
          uniq_terence
D:3:      layout_loops_corners, uniq_crazy_yiuf_cottage, uniq_sigmund, uniq_ijyb
D:4:      layout_gridville, chequers_serial_rivers_room_b, uniq_edmund,
          uniq_blork_the_orc
D:5:      layout_loops_ring, worldfamousw_hep_ancestral_shrine,
          lemuel_temple_firewalk_a, kennysheep_generic_room_13, uniq_menkaure,
          uniq_pikel

Skill      XL: |  1  2  3  4  5  6  7  8 |
---------------+-------------------------+-----
Fighting       | 1 2 3 4 |  4.2
Dodging        | 3 4 5 |  5.2
Spellcasting   | 4 5 |  5.9
Evocations     | 1 2 3 |  3.3
Stealth        | |  1.5
Shields        | |  0.5

Action                   |  1- 3 |  4- 6 |  7- 9 || total
-------------------------+-------+-------+-------++-------
Melee: Unarmed           |     1 |    10 |       ||    11
       Quarterstaff      |       |       |    42 ||    42
 Cast: Magic Dart        |    82 |    67 |    31 ||   180
       Searing Ray       |     2 |    13 |    10 ||    25
       Fulminant Prism   |       |       |     3 ||     3
       Dazzling Flash    |       |       |     1 ||     1
       Scorch            |       |       |     3 ||     3
  Use: Scroll            |     1 |     3 |     3 ||     7
       Potion            |     1 |       |     1 ||     2
 Stab: Invisible         |       |       |     1 ||     1
Armor: Robe              |     2 |       |       ||     2
       Leather armour    |     4 |     2 |    17 ||    23
       Skin              |       |     5 |       ||     5
Dodge: Dodged            |    15 |    11 |    63 ||    89

Table legend: (Time is in decaauts)
 A = Elapsed time spent in this place.
 B = Non-inter-level travel time spent in this place.
 C = Inter-level travel time spent in this place.
 D = Time resting spent in this place.
 E = Time spent auto-exploring this place.
 F = Levels seen in this place.
 G = Mean time per level.
                   A        B        C        D        E       F      G
               +--------+--------+--------+--------+--------+-----+--------+
         Total |   6562 |   6426 |    136 |   1027 |   4583 |   5 | 1312.4 |
       Dungeon |   6562 |   6426 |    136 |   1027 |   4583 |   5 | 1312.4 |
               +--------+--------+--------+--------+--------+-----+--------+

Top non-repeatable levels by time:
     D:3: 1899 daAuts
     D:2: 1728 daAuts
     D:1: 1709 daAuts
     D:4: 1163 daAuts
     D:5: 61 daAuts
